 Dungeon Crawl Stone Soup version 0.23.1 (webtiles) character file.

Game seed: 8465902934564471334

1527 Acheron the Ducker (level 8, -9/42 HPs)
             Began as a Vine Stalker Wanderer on Mar 9, 2019.
             Mangled by a two-headed ogre
             ... wielding a +0 giant club
              (18 damage)
             ... on level 8 of the Dungeon.
             The game lasted 00:42:32 (6983 turns).

Acheron the Ducker (Vine Stalker Wanderer)          Turns: 6983, Time: 00:42:32

Health: -9/42      AC:  6    Str: 19      XL:     8   Next: 85%
Magic:  0/13       EV: 13    Int: 13      God:
Gold:   288        SH:  0    Dex: 12 (14) Spells: 7/12 levels left

rFire    . . .     SeeInvis .   B - +1 quarterstaff (speed)
rCold    . . .     Gourm    .   (shield currently unavailable)
rNeg     . . .     Faith    .   i - +1 leather armour
rPois    .         Spirit   +   K - +0 helmet
rElec    .         Reflect  .   (no cloak)
rCorr    .         Harm     .   A - +0 pair of gloves
MR       ++...                  (no boots)
Stlth    ++........             (no amulet)
HPRegen  0.54/turn              t - +3 ring of strength
MPRegen  0.13/turn              p - ring of protection from magic

@: lethally poisoned (-9 -> -10), about to teleport
A: fangs 3, regeneration 1, magic shield, antimagic bite, no potion heal 3, rot
immunity
a: no special abilities


You were on level 8 of the Dungeon.
You were not hungry.

You visited 1 branch of the dungeon, and saw 9 of its levels.

You collected 314 gold pieces.
You spent 26 gold pieces at shops.

Inventory:

Hand Weapons
 d - a +0 blowgun
 h - a +0 hunting sling
 j - a +0 short sword
 n - a +1 trident
 r - a +0 hand axe
 w - a +2 short sword of holy wrath
 B - a +1 quarterstaff of speed (weapon)
 E - a +0 war axe
Missiles
 c - 31 poisoned needles
 e - 8 javelins of penetration (quivered)
 k - 104 stones
 l - a throwing net
 o - 22 sling bullets
 J - 4 needles of sleeping
Armour
 i - a +1 leather armour (worn)
 A - a +0 pair of gloves (worn)
 K - a +0 helmet (worn)
Jewellery
 p - a ring of protection from magic (right hand)
 q - a +3 ring of evasion
 t - a +3 ring of strength (left hand)
 u - an uncursed ring of resist corrosion
 v - an uncursed ring of ice
 D - an uncursed ring of flight
 L - the ring of Fipel {+Blink Str+9 Int-4 Dex-2 Stlth+, unknown}
   (You found it on level 8 of the Dungeon)

   [ring of stealth]

   It affects your strength (+9).
   It affects your intelligence (-4).
   It affects your dexterity (-2).
   It lets you blink.
   It makes you more stealthy.
Wands
 a - a wand of paralysis (15)
 x - a wand of acid (3)
 I - a wand of iceblast (5)
Scrolls
 b - 6 scrolls of teleportation
 g - 2 scrolls of amnesia
 m - 2 scrolls of remove curse
 y - a scroll of enchant armour
 G - a scroll of fog {unknown}
 M - a scroll of magic mapping {unknown}
Potions
 s - a potion of ambrosia
 z - a potion of might
 F - a potion of lignification
 H - a potion of curing {unknown}
 N - a potion of haste {unknown}
Comestibles
 f - 7 rations
 O - 3 chunks of flesh


   Skills:
 * Level 3.8 Fighting
 + Level 0.6 Short Blades
 + Level 2.3(3.1) Polearms
 + Level 3.0(3.4) Staves
 + Level 1.1 Throwing
 * Level 2.9 Armour
 * Level 4.3 Dodging
 * Level 4.3 Stealth
 - Level 1.0 Unarmed Combat
 * Level 2.8 Spellcasting
 * Level 2.5 Conjurations
 * Level 2.6 Fire Magic
 * Level 3.2 Evocations


You had 7 spell levels left.
You knew the following spells:

 Your Spells              Type           Power        Failure   Level  Hunger
a - Throw Flame           Conj/Fire      #.....       14%         2    ###....
b - Conjure Flame         Conj/Fire      #.......     28%         3    ###....

Your spell library contained the following spells:

 Spells                   Type           Power        Failure   Level  Hunger
 Flame Tongue             Conj/Fire      #....        10%         1    #......
 Animate Skeleton         Necr           N/A          28%         1    #......
 Apportation              Tloc           #.....       28%         1    #......
 Confusing Touch          Hex            #.....       28%         1    #......
 Summon Small Mammal      Summ           #...         28%         1    #......
 Inner Flame              Hex/Fire       #.......     43%         3    ###....
 Sticky Flame             Conj/Fire      #.......     67%         4    #####..
 Fireball                 Conj/Fire      #.........   95%         5    ######.


Dungeon Overview and Level Annotations

Branches:
Dungeon (9/15)
 Temple: D:4-7         Lair: D:8-11         Orc: D:9-12

Altars:
Ashenzari
Elyvilon
Fedhas
Gozag
Hepliaklqana
Makhleb
Wu Jian
Yredelemnul
The Shining One

Shops:
D:5 *

Annotations:
D:2 exclusion: downstairs
D:3 Terence
D:6 2 transporters


Innate Abilities, Weirdness & Mutations

You have razor-sharp teeth.
Your natural rate of healing is unusually fast.
When hurt, damage is shared between your health and your magic reserves.
Your bite disrupts and absorbs the magic of your enemies.
Potions cannot restore your health.
You are immune to rotting.


Message History

You feel sick.
You feel sick.
You barely miss the orc.
You feel sick. The orc hits you with a +0 morningstar.
You hit the orc.
The orc is almost dead.
The orc closely misses you.
You closely miss the orc. You bite the orc.
You kill the orc!
The two-headed ogre hits you with a +0 giant club!!
Ouch! That really hurt!
The two-headed ogre misses you.
You hit the two-headed ogre.
The two-headed ogre is lightly wounded.
The two-headed ogre closely misses you.
The two-headed ogre hits you with a +0 giant club!
* * * LOW HITPOINT WARNING * * *
As you read the scroll of teleportation, it crumbles to dust.
You feel strangely unstable. The two-headed ogre closely misses you.
The two-headed ogre hits you with a +0 giant spiked club!!
You die...

#..#### #.# #.....#
#.# #..##.## #.#
#####.##...#### #.#
#.o...[..#<...# #.#
#.###.##...##.# #.#
#.# #o###.###.####.##
#o# #O# #.# #.#.....#
#O# #@# #.###.#.....#
#.# #O# #...........#
#o# #[#.............##
#.# #.#.###...........
#.# #.#. #.....###.##
#.###.#.####........#
#....<........###.####
#####.###.##### #.....
#.# # #..##.


You could see 2 two-headed ogres and an orc.

Vanquished Creatures
  A hippogriff (D:6)
  Menkaure (D:4)
  2 phantoms
  A centaur (D:7)
  A crocodile (D:8)
  A bullfrog (D:7)
  A howler monkey (D:6)
  2 crimson imps
  A bullfrog zombie (D:6)
  A quasit (D:9)
  2 hounds
  An orc priest (D:3)
  2 iguanas
  5 orc wizards
  2 centaur skeletons
  4 worker ants
  A worker ant zombie (D:7)
  A river rat (D:3)
  4 adders
  2 shadow imps (D:5)
  An adder skeleton (D:6)
  A worm (D:3)
  2 dart slugs
  6 leopard geckos
  24 orcs
  3 ball pythons
  4 bats (D:3)
  11 giant cockroaches
  9 goblins
  9 hobgoblins
  8 jackals
  9 quokkas
  5 frilled lizards
  10 kobolds
  A quokka zombie (D:5)
  13 rats
152 creatures vanquished.

Vanquished Creatures (others)
  A quokka (D:5)
1 creature vanquished.

Grand Total: 153 creatures vanquished

Notes
Turn   | Place    | Note
-------+----------+-------------------------------------------
     0 | D:1      | Acheron the Vine Stalker Wanderer began the quest for the
                  | Orb.
     0 | D:1      | Acheron set off with the following items: a wand of
                  | paralysis (15), a scroll of teleportation, 11 poisoned
                  | needles, a +0 blowgun, a +0 robe, a ration
     0 | D:1      | Reached XP level 1. HP: 11/11 MP: 2/2
    69 | D:1      | Found a shattered altar of Ashenzari.
   614 | D:1      | Reached skill level 1 in Stealth
   614 | D:1      | Reached XP level 2. HP: 14/15 MP: 3/3
  1765 | D:1      | Reached XP level 3. HP: 18/18 MP: 4/4
  2267 | D:2      | Reached skill level 1 in Armour
  2826 | D:2      | Found an ornate altar of the Wu Jian Council.
  2965 | D:2      | Gained mutation: Your natural rate of healing is unusually
                  | fast. [Vine Stalker growth]
  2965 | D:2      | Reached XP level 4. HP: 14/23 MP: 3/5
  3149 | D:3      | Noticed Terence
  3373 | D:2      | Found a glowing golden altar of the Shining One.
  3819 | D:3      | Reached XP level 5. HP: 19/27 MP: 5/7
  4203 | D:3      | Reached skill level 1 in Polearms
  4382 | D:4      | Learned a level 2 spell: Throw Flame
  4527 | D:4      | Reached XP level 6. HP: 32/32 MP: 8/8
  4553 | D:4      | Noticed Menkaure
  4561 | D:4      | Killed Menkaure
  4561 | D:4      | Reached skill level 1 in Spellcasting
  4561 | D:4      | Reached skill level 1 in Conjurations
  4561 | D:4      | Reached skill level 1 in Fire Magic
  4570 | D:4      | Noticed a phantom
  4589 | D:4      | Killed a phantom
  4589 | D:4      | Reached XP level 7. HP: 35/36 MP: 9/9
  4627 | D:5      | Entered Level 5 of the Dungeon
  4832 | D:5      | Found Yri Lu Lae's Assorted Antiques.
  4840 | D:5      | Bought an emerald potion for 26 gold pieces
  4930 | D:5      | Found a basalt altar of Yredelemnul.
  5366 | D:5      | Found a white marble altar of Elyvilon.
  5723 | D:6      | Found a transporter.
  5761 | D:6      | Found a transporter.
  5812 | D:6      | Learned a level 3 spell: Conjure Flame
  5815 | D:6      | Noticed a hippogriff
  5826 | D:6      | Killed a hippogriff
  5826 | D:6      | Gained mutation: You have razor-sharp teeth. [Vine Stalker
                  | growth]
  5826 | D:6      | Reached XP level 8. HP: 34/40 MP: 12/12
  6083 | D:7      | Found a blossoming altar of Fedhas.
  6085 | D:7      | Found a hazy altar of Hepliaklqana.
  6101 | D:7      | Found a burning altar of Makhleb.
  6104 | D:7      | Found an opulent altar of Gozag.
  6380 | D:8      | Got a coiled turquoise ring
  6404 | D:8      | Noticed a two-headed ogre
  6474 | D:8      | Noticed a two-headed ogre
  6983 | D:8      | Mangled by a two-headed ogre

Skill      XL: |  1  2  3  4  5  6  7  8 |
---------------+-------------------------+-----
Fighting       | 2 3 |  3.8
Stealth        | 1 2 3 4 |  4.3
Armour         | 1 2 |  2.9
Polearms       | 1 2 |  2.3
Spellcasting   | 1 2 |  2.8
Conjurations   | 1 2 |  2.5
Fire Magic     | 1 2 |  2.6
Evocations     | 2 3 |  3.2
Dodging        | 4 |  4.3
Staves         | 3 |  3.0
Short Blades   | |  0.6
Throwing       | |  1.1
Unarmed Combat | |  1.0

Action                   |  1- 3 |  4- 6 |  7- 9 || total
-------------------------+-------+-------+-------++-------
Melee: Dagger            |   123 |       |       ||   123
       Unarmed           |    10 |       |       ||    10
       Bite              |    39 |    65 |    66 ||   170
       Short sword       |    56 |     4 |       ||    60
       Trident           |       |   238 |    51 ||   289
       Punch             |       |     1 |       ||     1
       Quarterstaff      |       |       |   181 ||   181
 Fire: Blowgun           |     3 |       |       ||     3
Throw: Javelin           |       |     2 |       ||     2
  Use: Scroll            |     6 |     1 |    10 ||    17
       Potion            |       |     1 |       ||     1
 Stab: Sleeping          |       |     1 |     7 ||     8
       Distracted        |       |     1 |       ||     1
  Eat: Chunk             |     3 |     6 |     8 ||    17
       Ration            |     1 |       |       ||     1
Armor: Leather armour    |    39 |    47 |    55 ||   141
Dodge: Dodged            |   111 |   242 |   165 ||   518
